 Dungeon Crawl Stone Soup version 0.20-a0-266-gdedccd6 (webtiles) character file.

149 Duffy the Chopper (level 5, 0/46 HPs)
             Began as a Deep Dwarf Monk on Dec 5, 2016.
             Slain by Menkaure (18 damage)
             ... in an ossuary.
             The game lasted 00:03:22 (1370 turns).

Duffy the Chopper (Deep Dwarf Monk)                 Turns: 1370, Time: 00:03:22

Health: 0/46       AC:  5    Str: 15    XL:     5   Next: 9%
Magic:  4/4        EV: 12    Int: 11    God:
Gold:   143        SH:  0    Dex: 15    Spells: 4/4 levels left

rFire  . . .     SeeInvis .     a - +0 hand axe
rCold  . . .     Gourm    .     n - +0 ring mail (curse)
rNeg   . . .     Faith    .     (no shield)
rPois  .         Spirit   .     (no helmet)
rElec  .         Reflect  .     (no cloak)
rCorr  .         Harm     .     (no gloves)
MR     .....                    (no boots)
Stlth  +.........               (no amulet)
                                (no ring)
                                (no ring)

@: non-regenerating
A: damage resistance, recharge devices, sense surroundings 1, slow regeneration
3
a: Device Recharging


You were in an ossuary.
You were hungry.

You visited 1 branch of the dungeon, and saw 4 of its levels.
You also visited: Ossuary.

You collected 143 gold pieces.

Inventory:

Hand Weapons
 a - a +0 hand axe (weapon)
Armour
 b - a +0 robe
 i - a +0 leather armour
 n - a cursed +0 ring mail (worn)
 v - a +0 scale mail
 w - a +0 chain mail
Wands
 c - a wand of heal wounds (4/9)
Scrolls
 e - a scroll of blinking {unknown}
 g - a scroll of recharging {unknown}
 h - a scroll of enchant weapon {unknown}
 j - 2 scrolls of remove curse {unknown}
 k - 3 scrolls of amnesia {unknown}
 l - 2 scrolls of enchant armour {unknown}
 p - 3 scrolls of identify {unknown}
 s - a scroll of immolation {unknown}
Potions
 f - a potion of agility {unknown}
 m - a potion of curing {unknown}
 o - a potion of might {unknown}
 q - a potion of cancellation {unknown}
 t - 2 potions of invisibility {unknown}
 x - a potion of haste {unknown}
Comestibles
 d - 3 bread rations
 r - a beef jerky


   Skills:
 - Level 2.6 Fighting
 + Level 6.4 Axes
 - Level 3.2 Dodging
 - Level 2.4 Stealth


You had 4 spell levels left.
You didn't know any spells.

Dungeon Overview and Level Annotations

Branches:
Dungeon (4/15)
 Temple: D:4-7

Altars:
Kikubaaqudgha
Sif Muna
Vehumet

Annotations:
Ossuary Menkaure


Innate Abilities, Weirdness & Mutations

You are resistant to damage.
You can recharge devices by infusing magical energy.
You passively map a small area around you.
You do not regenerate.


Message History

You hit Menkaure.
Menkaure is severely damaged.
Menkaure mumbles some strange words.
Menkaure seems to speed up.
You hit Menkaure but do no damage.
Menkaure is severely damaged.
Menkaure gestures at you while chanting.
Pain shoots through your body!
Evoke which item? (* to show all) (? for menu, Esc to quit)
Zapping:
c - a wand of heal wounds (5/9)
Press: ? - help, Shift-Dir - straight line, f - you You feel much better.
This wand has 4 charges left.
Menkaure barely misses you.
You closely miss Menkaure.
Menkaure is severely damaged.
Menkaure calls on the powers of darkness!
Your body is wracked with pain!
You barely miss Menkaure.
Menkaure is severely damaged.
Menkaure hits you!!
You die...

##..##..##..####..##..##^.##
#..##..##..##, ##..##..##..##
..##..##..## , ##..##..##^.##
.##..##..## , , ,##..##..##..##
##..##^.## ##..##..##..##
#..##..##, ,, , ##..##..##..##
..##^.##,, ,, ,, ,##..##..##..#
.##..##############''##..##..##..
##..............@M....##..##..##.
#########################..##..##
............................##..#
###############################..
.....^..............^.....^^.....
#################################


You could see Menkaure.

Vanquished Creatures
  An orc wizard (D:3)
  3 mummies (Ossuary)
  3 adders
  3 dart slugs
  7 orcs (D:3)
  2 giant cockroaches
  4 hobgoblins
  4 jackals (D:1)
  4 bats
  3 frilled lizards
  5 gnoll skeletons (Ossuary)
  3 gnoll zombies (Ossuary)
  4 goblins
  6 goblin skeletons (Ossuary)
  5 goblin zombies (Ossuary)
  A hobgoblin skeleton (Ossuary)
  3 hobgoblin zombies (Ossuary)
  2 kobold zombies (Ossuary)
  An orc skeleton (Ossuary)
  3 orc zombies (Ossuary)
  3 rats (D:1)
  A rat skeleton (Ossuary)
  A rat zombie (Ossuary)
72 creatures vanquished.

Vanquished Creatures (others)
  A gnoll skeleton (Ossuary)
  3 goblin skeletons (Ossuary)
  2 goblin zombies (Ossuary)
  A hobgoblin skeleton (Ossuary)
  3 hobgoblin zombies (Ossuary)
  4 kobold skeletons (Ossuary)
  A kobold zombie (Ossuary)
  2 orc skeletons (Ossuary)
  2 orc zombies (Ossuary)
19 creatures vanquished.

Grand Total: 91 creatures vanquished

Notes
Turn   | Place    | Note
-------+----------+-------------------------------------------
     0 | D:1      | Duffy the Deep Dwarf Monk began the quest for the Orb.
     0 | D:1      | Reached XP level 1. HP: 20/20 MP: 1/1
   254 | D:1      | Reached skill level 4 in Axes
   254 | D:1      | Reached XP level 2. HP: 21/27 MP: 2/2
   579 | D:2      | Reached XP level 3. HP: 16/33 MP: 3/3
   912 | D:3      | Reached skill level 5 in Axes
   912 | D:3      | Reached XP level 4. HP: 39/40 MP: 4/4
  1030 | D:3      | Found an ancient bone altar of Kikubaaqudgha.
  1033 | D:3      | Found a deep blue altar of Sif Muna.
  1037 | D:3      | Found a radiant altar of Vehumet.
  1042 | D:3      | Identified Vehumet's Catalogue of Conjuration
  1063 | D:4      | Found a sand-covered staircase.
  1068 | Ossuary  | Entered an ossuary
  1084 | Ossuary  | Reached skill level 6 in Axes
  1348 | Ossuary  | Reached XP level 5. HP: 29/46 MP: 5/5
  1356 | Ossuary  | Noticed Menkaure
  1370 | Ossuary  | Slain by Menkaure

Vault maps used:
D:1:      roderic_chinese_lattice_arrival
D:3:      grunt_temple_overflow_magic_moments, first_bread
D:4:      enter_ossuary_5, uniq_pikel
Ossuary:  ossuary_due_pyramid

Skill      XL: |  1  2  3  4 |
---------------+-------------+-----
Axes           | 4 5 6 |  6.4
Fighting       | |  2.6
Dodging        | |  3.2
Stealth        | |  2.4

Action                   |  1- 3 |  4- 6 || total
-------------------------+-------+-------++-------
Melee: Hand axe          |   101 |   136 ||   237
 Abil: Device Recharging |       |     1 ||     1
Evoke: Wand              |     2 |     4 ||     6
 Stab: Sleeping          |     1 |       ||     1
  Eat: Chunk             |       |     1 ||     1
Armor: Leather armour    |     2 |       ||     2
       Ring mail         |    18 |    24 ||    42
Dodge: Dodged            |    72 |    69 ||   141
